 Dungeon Crawl Stone Soup version 0.31-a0-133-gaae73658be (webtiles) character file.

Game seed: 4831032878541789400

46 avis the Insei (level 3, -5/25 HPs)
             Began as an Octopode Transmuter on June 2, 2023.
             Killed from afar by Ijyb (12 damage)
             ... with a bolt of dispelling energy
             ... on level 4 of the Dungeon.
             The game lasted 00:07:11 (997 turns).

avis the Insei (Octopode Transmuter)                 Turns: 997, Time: 00:07:12

Health: -5/25      AC:  1    Str:  9    XL:     3   Next: 66%
Magic:  3/6        EV: 13    Int: 15    God:
Gold:   62         SH:  0    Dex: 14    Spells: 2/6 levels left

rFire   . . .        a - +2 dagger (holy)
rCold   . . .        (no shield)
rNeg    . . .        (helmet restricted)
rPois   .            (no amulet)
rElec   .            (no ring)
rCorr   .            (no ring)
SInv    .            (no ring)
Will    .....        (no ring)
Stlth   +++          (no ring)
HPRegen 0.24/turn    (no ring)
MPRegen 0.10/turn    (no ring)
                     (no ring)

%: no passive effects
@: no status effects
A: almost no armour, amphibious, 8 rings, camouflage 1, gelatinous body 1,
(nimble swimmer 1), tentacles
a: no special abilities


You were on level 4 of the Dungeon.
You visited 1 branch of the dungeon, and saw 3 of its levels.

You collected 62 gold pieces.

Inventory:

Hand Weapons
 a - a +2 dagger of holy wrath (weapon)
 h - a +0 sling
Scrolls
 b - a scroll of enchant armour {unknown}
 c - a scroll of brand weapon {unknown}
 d - a scroll of poison {unknown}
 f - a scroll of identify {unknown}
Potions
 e - a potion of mutation {unknown}
 g - 4 potions of lignification


   Skills:
 * Level 2.4 Fighting
 - Level 2.0 Dodging
 + Level 0.9 Stealth
 - Level 3.0 Unarmed Combat
 - Level 2.0 Spellcasting
 - Level 3.0 Transmutations


You had 2 spell levels left.
You knew the following spells:

 Your Spells              Type           Power      Damage    Failure   Level
a - Beastly Appendage     Tmut           20%        N/A       6%          1
p - Spider Form           Tmut/Pois      6%         N/A       34%         3

Your spell library contained the following spells:

 Spells                   Type           Power      Damage    Failure   Level
 Wereblood                Tmut           10%        N/A       10%         2
 Ice Form                 Ice/Tmut       6%         N/A       75%         4


Dungeon Overview and Level Annotations

Branches:
Dungeon (2/15)

Altars:

Annotations:
D:4 Ijyb


Innate Abilities, Weirdness & Mutations

You cannot wear most types of armour.
You are amphibious.
You can wear up to eight rings at the same time.
Your skin changes colour to match your surroundings (Stealth+).
Your rubbery body absorbs attacks. (AC +1, EV +1)
((You are camouflaged when in or above water. (Stealth+)))
You have tentacles for arms and can constrict up to eight enemies at once.


Message History

You start memorising the spell.
You continue memorising. x3
You finish memorising.
Spell assigned to 'b'.
Adjust (i)tems, (s)pells, or (a)bilities?
Adjust which spell? b - Spider Form Adjust to which letter? p - Spider Form
Casting: Beastly Appendage (safe; 6% risk of failure)
Confirm with . or Enter, or press ? or * to list all spells.
The spell is extremely dangerous to miscast (34% risk of failure)!
Continue anyway?
Your tentacle spike disappears.
You turn into a venomous arachnid creature.
Your +2 dagger of holy wrath melds into your body.
Your +2 dagger of holy wrath stops glowing.
Ijyb zaps a wand.
The bolt of dispelling energy misses you.
Ijyb zaps a wand.
The bolt of dispelling energy misses you.
You hit Ijyb but do no damage.
Ijyb is poisoned.
Ijyb zaps a wand.
The bolt of dispelling energy misses you.
You closely miss Ijyb.
Ijyb is lightly wounded.
You hit Ijyb but do no damage.
Ijyb looks as sick as possible!
Ijyb is lightly wounded.
Ijyb closely misses you.
You closely miss Ijyb.
Ijyb is moderately wounded.
Your transformation is almost over.
Ijyb zaps a wand.
The bolt of dispelling energy hits you!!
Your magical effects are unravelling.
Ouch! That really hurt!
* * * LOW HITPOINT WARNING * * *
You barely miss Ijyb.
Ijyb is heavily wounded.
Your transformation has ended.
Your +2 dagger of holy wrath unmelds from your body.
Your +2 dagger of holy wrath softly glows with a divine radiance!
Ijyb zaps a wand.
The bolt of dispelling energy hits you!
You die...

#......# ##.##.#.#
#.......######
#............#
######..#....####.#
.............# #.#
##########.### #.#
#.# ####.### #+#
#.g@...#####
#.##.......#
#.####.###.#
........# ..#
........# ....
.....?... ....
...g....# ...##
?......## .##
#.....#


You could see Ijyb (extremely poisoned).

Vanquished Creatures
  2 dart slugs (D:1)
  2 ball pythons (D:1)
  11 endoplasms (D:1)
  3 giant cockroaches (D:1)
  3 hobgoblins (D:1)
  A kobold (D:1)
  4 bats (D:1)
  3 frilled lizards (D:1)
  5 goblins (D:1)
34 creatures vanquished.

Notes
Turn   | Place    | Note
-------+----------+-------------------------------------------
     0 | D:1      | avis the Octopode Transmuter began the quest for the Orb.
     0 | D:1      | Reached XP level 1. HP: 13/13 MP: 3/3
    50 | D:1      | Reached XP level 2. HP: 11/19 MP: 1/5
   332 | D:1      | Reached XP level 3. HP: 24/24 MP: 4/6
   949 | D:2      | You fall into a shaft and drop 2 floors!
   981 | D:4      | Noticed Ijyb
   991 | D:4      | Learned a level 3 spell: Spider Form
   997 | D:4      | Killed from afar by Ijyb

Illustrated notes

Levels and vault maps discovered:
D:1:      lemuel_arrival_broad_hall, layout_basic, dk_noncrumbling_2,
          minmay_misc_feat_encased, hangedman_decor_points,
          minmay_misc_feat_more_columns, st_stairs_13
D:2:      layout_loops_ring, uniq_robin
D:4:      layout_loops_corners, mainiacjoe_overflow_catwalk, uniq_ijyb

Skill      XL: |  1  2  3 |
---------------+----------+-----
Fighting       | 2 |  2.4
Transmutations | 3 |  3.0
Dodging        | |  2.0
Stealth        | |  0.9
Unarmed Combat | |  3.0
Spellcasting   | |  2.0

Action                     || total
---------------------------++-------
  Melee: Unarmed           ||    50
         Kick              ||    20
         Constrict         ||    12
         Tentacles         ||     8
         Punch             ||     1
         Dagger            ||    19
   Cast: Beastly Appendage ||    24
         Spider Form       ||     1
   Stab: Sleeping          ||     7
 Armour: Skin              ||     2
  Dodge: Dodged            ||    26

Table legend: (Time is in decaauts)
 A = Elapsed time spent in this place.
 B = Non-inter-level travel time spent in this place.
 C = Inter-level travel time spent in this place.
 D = Time resting spent in this place.
 E = Time spent auto-exploring this place.
 F = Levels seen in this place.
 G = Mean time per level.
                   A        B        C        D        E       F      G
               +--------+--------+--------+--------+--------+-----+--------+
         Total |    993 |    946 |     47 |    133 |    489 |   3 |  331.0 |
       Dungeon |    993 |    946 |     47 |    133 |    489 |   3 |  331.0 |
               +--------+--------+--------+--------+--------+-----+--------+

Top non-repeatable levels by time:
     D:1: 945 daAuts
     D:4: 47 daAuts
     D:2: 0 daAuts
